 Dungeon Crawl Stone Soup version 0.26.1-2-gb8aa6d0cf2 (webtiles) character file.

Game seed: 13894192249253500255

36435 gavin the Bludgeoner (level 13, -5/184 HPs)
             Began as a Minotaur Berserker on Mar 4, 2021.
             Was a High Priest of Trog.
             Slain by an orc warrior
             ... wielding a +0 broad axe
              (26 damage)
             ... on level 2 of the Orcish Mines.
             The game lasted 00:40:25 (13261 turns).

gavin the Bludgeoner (Minotaur Berserker)          Turns: 13261, Time: 00:40:26

Health: -5/184     AC: 22    Str: 32    XL:     13   Next: 53%
Magic:  12/12      EV: 10    Int:  2    God:    Trog [*****.]
Gold:   1652       SH:  0    Dex:  7    Spells: 12/12 levels left

rFire    . . .     SeeInvis .   K - +9 morningstar of Dorgh {vorpal, rPois Int-2 Dex-4 Stlth+}
rCold    + . .     Faith    .   (no shield)
rNeg     . . .     Spirit   .   a - +5 plate armour {rC+}
rPois    +         Reflect  .   (helmet restricted)
rElec    .         Harm     .   n - +0 cloak
rCorr    .         Rampage  .   (no gloves)
Will     ++...                  (no boots)
Stlth    ..........             m - amulet of regeneration
HPRegen  1.80/turn              (no ring)
MPRegen  0.13/turn              q - +6 ring of strength

@: berserking, lethally poisoned (-5 -> -6), regenerating, very quick
A: retaliatory headbutt, horns 2
a: Renounce Religion, Berserk, Trog's Hand, Brothers in Arms


You were on level 2 of the Orcish Mines.
You worshipped Trog.
Trog was extremely pleased with you.
You visited 2 branches of the dungeon, and saw 14 of its levels.
You also visited: Ice Cave.

You collected 1686 gold pieces.
You spent 34 gold pieces at shops.

Inventory:

Hand Weapons
 F - a +1 great mace of protection
 H - a +1 antimagic lajatang
 K - the +9 morningstar of Dorgh (weapon) {vorpal, rPois Int-2 Dex-4 Stlth+}
   (Trog gifted it to you on level 12 of the Dungeon)

   It inflicts extra damage upon your enemies.
   It affects your intelligence (-2).
   It affects your dexterity (-4).
   It protects you from poison.
   It makes you more stealthy.
Armour
 a - a +5 plate armour of cold resistance (worn)
 n - a +0 cloak (worn)
 r - a +1 scale mail of willpower
Jewellery
 d - an uncursed ring of magical power {unknown}
 j - a +6 ring of intelligence {unknown}
 m - an amulet of regeneration (around neck)
 p - an uncursed ring of willpower
 q - a +6 ring of strength (right hand)
 v - a +4 ring of slaying
 B - an uncursed ring of wizardry {unknown}
 J - an uncursed ring of ice
 N - the ring "Doluuj" {rPois rC+ AC+4 Str-5 Int+4}
   (You found it on level 1 of the Orcish Mines)

   [ring of protection]

   It affects your AC (+4).
   It affects your strength (-5).
   It affects your intelligence (+4).
   It protects you from cold.
   It protects you from poison.
Wands
 i - a wand of paralysis (13)
 l - a wand of random effects (17)
 w - a wand of iceblast (18)
 C - a wand of digging (2)
 D - a wand of polymorph (7)
 G - a wand of acid (9)
Scrolls
 b - 3 scrolls of immolation
 c - 12 scrolls of teleportation
 e - a scroll of fog {unknown}
 s - a scroll of random uselessness {unknown}
 t - a scroll of fear
 y - a scroll of acquirement
 E - a scroll of remove curse {unknown}
Potions
 f - 2 potions of cancellation
 h - 2 potions of flight
 k - a potion of berserk rage
 o - a potion of resistance
 u - 7 potions of might
 x - 2 potions of haste
 z - 5 potions of curing
 M - 2 potions of magic


   Skills:
 + Level 13.7 Fighting
 + Level 18.2 Maces & Flails
 + Level 13.0 Armour
 + Level 6.3 Dodging
 + Level 2.9 Stealth


You had 12 spell levels left.
You didn't know any spells.
Your spell library was empty.

Dungeon Overview and Level Annotations

Branches:
Dungeon (12/15)            Temple (0/1) D:7             Orc (2/2) D:12
  IceCv (visited)
   Lair: D:8-11         Elf: Orc:2

Altars:
Elyvilon
Hepliaklqana
Kikubaaqudgha
Okawaru
Uskayaw
Wu Jian
Xom
Zin

Shops:
D:5 :   D:8 *   D:10 *   D:11 ::   Orc:1 (   Orc:2 ?!

Annotations:
D:10 1 exclusion


Innate Abilities, Weirdness & Mutations

You reflexively headbutt those who attack you in melee.
You have a pair of horns on your head.


Message History

You feel sick.
The orc no longer looks unusually strong.
The orc hits you but does no damage.
The orc warrior hits you with a +3 glaive of venom!
* * * LOW HITPOINT WARNING * * *
The orc warrior hits you but does no damage.
You barely miss the orc warrior.
The orc warrior is severely wounded.
You feel sick.
You barely miss the orc warrior. Your headbutt misses the orc warrior.
The orc warrior is severely wounded.
You feel sick.
The orc warrior no longer looks unusually strong.
The orc closely misses you.
You barely miss the orc warrior.
The orc warrior is severely wounded.
The orc warrior hits you with a +3 glaive of venom!
* * * LOW HITPOINT WARNING * * *
The orc warrior hits you with a +0 broad axe!!
You die...

..........##
...........##
............##
.............##
..........##..##
..........###..##
...........###..##
............###[o##
#............###@o#
..............###oooo....
^..............###oo.#.#.
................# #o....
...............#####..#.#
..................# #....
..................# #∩.∩
......#..^......### #.#
.............#...#


You could see 3 orc warriors, 3 orc priests and 3 orcs.

Vanquished Creatures
  A frost giant (IceCv)
  The ghost of Teryn the Envoy of Void, a journeyman DsAK of Lugonu (Orc:1)
  Josephine (D:10)
  A hydra (D:12)
  4 two-headed ogres (Orc:1)
  Erica (D:10)
  A death yak (IceCv)
  Nergalle (D:12)
  A wolf spider zombie (D:12)
  3 orc knights
  2 cyclopes
  3 orc sorcerers (Orc:1)
  2 deep elf magi (D:12)
  2 manticores
  4 ugly things
  An ice statue (IceCv)
  Psyche (D:12)
  Maggie (D:10)
  6 trolls
  15 polar bears
  Sigmund (D:3)
  7 wraiths
  A wyvern (D:12)
  3 steam dragons (D:7)
  26 yaks
  2 wargs (Orc:1)
  An acid dragon (D:12)
  A soldier ant (D:12)
  A water moccasin (D:8)
  12 ice beasts
  15 orc warriors
  A swamp drake (D:12)
  3 sky beasts
  2 black bears
  A phantom (D:7)
  An eye of draining (D:12)
  6 ogres
  17 wolves
  A necrophage (D:12)
  10 centaurs
  6 bullfrogs
  2 gnoll sergeants
  2 wyvern skeletons
  5 scorpions
  16 killer bees
  7 wights
  5 howler monkeys
  5 electric eels
  2 quasits
  A bullfrog zombie (D:8)
  3 bullfrog skeletons
  A centaur skeleton (D:8)
  9 hounds
  3 jellies
  11 orc priests
  5 iguanas
  Terence (D:2)
  10 worker ants
  16 orc wizards
  A bullfrog simulacrum (D:11)
  A hound zombie (D:7)
  A hound skeleton (D:4)
  2 worker ant zombies
  7 gnolls
  16 adders
  A shadow imp (D:6)
  7 white imps
  An ufetubus (D:11)
  A worm (D:2)
  2 dart slugs
  4 leopard geckos
  65 orcs
  2 ball pythons
  5 giant cockroaches
  8 goblins
  5 hobgoblins
  7 jackals
  12 kobolds
  5 quokkas
  5 bats
  6 frilled lizards
  2 quokka skeletons
  3 rats
443 creatures vanquished.

Vanquished Creatures (collateral kills)
  Fannar (D:11)
  A yak (D:10)
2 creatures vanquished.

Vanquished Creatures (others)
  A polar bear (IceCv)
  A wolf (IceCv)
  An orc wizard (Orc:2)
  A quokka (D:7)
  A plant (D:3)
5 creatures vanquished.

Grand Total: 450 creatures vanquished

Notes
Turn   | Place    | Note
-------+----------+-------------------------------------------
     0 | D:1      | gavin the Minotaur Berserker began the quest for the Orb.
     0 | D:1      | Reached XP level 1. HP: 19/19 MP: 0/0
   420 | D:1      | Reached XP level 2. HP: 27/27 MP: 1/1
   470 | D:1      | Reached skill level 4 in Maces & Flails
   945 | D:1      | You fall into a shaft and drop 1 floor!
  1023 | D:2      | Reached XP level 3. HP: 29/33 MP: 2/2
  1035 | D:2      | Noticed Terence
  1042 | D:2      | Killed Terence
  1070 | D:2      | Reached ** piety under Trog
  1133 | D:2      | Reached XP level 4. HP: 36/41 MP: 3/3
  1619 | D:3      | Reached skill level 5 in Maces & Flails
  1621 | D:3      | Noticed Sigmund
  1844 | D:3      | Reached XP level 5. HP: 42/47 MP: 4/4
  1866 | D:3      | Killed Sigmund
  1867 | D:3      | Reached skill level 5 in Fighting
  1867 | D:3      | Reached XP level 6. HP: 37/56 MP: 5/5
  2150 | D:3      | Reached skill level 6 in Maces & Flails
  2453 | D:4      | Reached *** piety under Trog
  2582 | D:4      | Reached XP level 7. HP: 16/61 MP: 6/6
  2747 | D:4      | Reached skill level 1 in Stealth
  3276 | D:5      | Entered Level 5 of the Dungeon
  3286 | D:5      | Reached skill level 7 in Maces & Flails
  3305 | D:5      | Reached skill level 5 in Armour
  3573 | D:5      | Found a hide-covered altar of Uskayaw.
  3573 | D:5      | Found an ornate altar of the Wu Jian Council.
  3583 | D:5      | Found Inoptureph's Book Shoppe.
  3591 | D:5      | Reached XP level 8. HP: 58/70 MP: 7/7
  3670 | D:5      | Reached skill level 8 in Maces & Flails
  3721 | D:5      | Found a glowing silver altar of Zin.
  3886 | D:5      | Found a hazy altar of Hepliaklqana.
  4354 | D:6      | Reached skill level 5 in Dodging
  4366 | D:6      | Reached skill level 9 in Maces & Flails
  4949 | D:6      | Reached XP level 9. HP: 78/78 MP: 8/8
  5203 | D:7      | Found a staircase to the Ecumenical Temple.
  5484 | D:7      | Reached **** piety under Trog
  5492 | D:7      | Reached skill level 10 in Maces & Flails
  5653 | D:7      | Found an iron altar of Okawaru.
  5747 | D:7      | Identified 2 scrolls of acquirement
  5747 | D:7      | Acquired a +0 great mace of protection
  6013 | D:7      | Found a white marble altar of Elyvilon.
  6671 | D:8      | Reached skill level 11 in Maces & Flails
  6940 | D:8      | Reached XP level 10. HP: 74/89 MP: 9/9
  7036 | D:8      | Found Ziupiodgh's Assorted Antiques.
  7856 | D:9      | Found an ancient bone altar of Kikubaaqudgha.
  8171 | D:10     | Entered Level 10 of the Dungeon
  8291 | D:10     | Reached skill level 12 in Maces & Flails
  8354 | D:10     | Noticed Erica
  8359 | D:10     | Noticed Josephine
  8362 | D:10     | Killed Erica
  8363 | D:10     | Reached skill level 10 in Armour
  8364 | D:10     | Reached skill level 13 in Maces & Flails
  8377 | D:10     | Killed Josephine
  8378 | D:10     | Reached XP level 11. HP: 74/99 MP: 10/10
  8463 | D:10     | Noticed Maggie
  8472 | D:10     | Killed Maggie
  8473 | D:10     | Reached skill level 10 in Fighting
  8485 | D:10     | Found Weirghann's General Store.
  8493 | D:10     | Bought a scroll of identify for 34 gold pieces
  8890 | D:11     | Found a frozen archway.
  8920 | IceCv    | Entered an ice cave
  8927 | IceCv    | Reached skill level 14 in Maces & Flails
  8947 | IceCv    | Reached ***** piety under Trog
  9088 | IceCv    | Reached skill level 15 in Maces & Flails
  9201 | IceCv    | Noticed a death yak
  9214 | IceCv    | Killed a death yak
  9215 | IceCv    | Reached XP level 12. HP: 106/110 MP: 11/11
  9234 | IceCv    | Received a gift from Trog
  9732 | IceCv    | Noticed a frost giant
  9758 | IceCv    | Killed a frost giant
  9759 | IceCv    | Reached skill level 16 in Maces & Flails
 10206 | D:11     | Found Liuplet's Book Shop.
 10279 | D:11     | Found Warikiy's Book Shoppe.
 10404 | D:11     | Noticed Fannar
 10417 | D:11     | Killed Fannar
 10618 | D:11     | Found a shimmering altar of Xom.
 10620 | D:11     | Found a shimmering altar of Xom.
 10620 | D:11     | Found a shimmering altar of Xom.
 10621 | D:11     | Found a shimmering altar of Xom.
 10632 | D:11     | Found a shimmering altar of Xom.
 10632 | D:11     | Found a shimmering altar of Xom.
 10634 | D:11     | Found a shimmering altar of Xom.
 11167 | D:12     | Reached skill level 17 in Maces & Flails
 11240 | D:12     | Noticed a five-headed hydra
 11251 | D:12     | Killed a five-headed hydra
 11367 | D:12     | Noticed Psyche
 11371 | D:12     | Paralysed by Psyche for 2 turns
 11374 | D:12     | Killed Psyche
 11619 | D:12     | Received a gift from Trog
 11628 | D:12     | Got a scorched morningstar {god gift}
 11629 | D:12     | Identified the +9 morningstar of Dorgh {vorpal, rPois Int-2
                  | Dex-4 Stlth+} (Trog gifted it to you on level 12 of the
                  | Dungeon)
 11651 | D:12     | Reached XP level 13. HP: 105/119 MP: 12/12
 11779 | D:12     | Noticed Nergalle
 11790 | D:12     | Killed Nergalle
 12015 | D:12     | Found a staircase to the Orcish Mines.
 12038 | Orc:1    | Entered Level 1 of the Orcish Mines
 12038 | Orc:1    | Found Sucoerre's Weapon Shop.
 12433 | Orc:1    | Found a transporter.
 12436 | Orc:1    | Noticed Teryn's ghost (journeyman DsAK)
 12440 | Orc:1    | Identified the +4 dire flail "Zieffil" {vamp, SInv}
 12452 | Orc:1    | Found a transporter.
 12470 | Orc:1    | Killed Teryn's ghost
 12471 | Orc:1    | Reached skill level 18 in Maces & Flails
 12483 | Orc:1    | Got a crude marble ring
 12487 | Orc:1    | Identified the ring "Doluuj" {rPois rC+ AC+4 Str-5 Int+4}
                  | (You found it on level 1 of the Orcish Mines)
 12750 | Orc:2    | Entered Level 2 of the Orcish Mines
 12954 | Orc:2    | Received a gift from Trog
 13234 | Orc:2    | Found Xoimiemo's Magic Scroll Emporium.
 13253 | Orc:2    | Found Uxzijop's Distillery.
 13261 | Orc:2    | Slain by an orc warrior

Illustrated notes

Levels and vault maps discovered:
D:1:      dpeg_arrival_tiny_i, layout_loops_ring
D:2:      layout_rooms, serial_park_tiny_pond, uniq_terence
D:3:      layout_rooms, corexii_shack, chequers_avenue, minmay_misc_feat_square,
          uniq_sigmund
D:4:      layout_rooms
D:5:      layout_gridville, grunt_temple_overflow_open, lemuel_round_altar,
          serial_shops, shop, minmay_circle_x
D:6:      layout_loops_corners
D:7:      cheibrodos_steamvent, layout_basic, okawaru_trees_2,
          minmay_temple_entry_drinking_statues, elyvilon_altar_4
D:8:      layout_basic, serial_shops, shop_statue
D:9:      layout_loops_ring, lemuel_coloured_pillars_altar
D:10:     layout_basic, erik_lair_island, serial_shops, nicolae_shop_crystal,
          nicolae_qazlal_eye_of_the_storm, uniq_erica, uniq_maggie,
          uniq_josephine
D:11:     layout_loops_corners, serial_shops, shop, kennysheep_mini, serial_ice,
          serial_ice_n, serial_ice_k, serial_ice_a, serial_ice_e, serial_ice_m,
          serial_ice_h, portal_ice_cave_entry_ice_beasts, xom_redecorated,
          uniq_fannar
D:12:     layout_irregular_city, erik_orc_1, uniq_psyche, uniq_nergalle
Orc:1:    layout_diamond_mine, gammafunk_ghost_smash, serial_shops,
          nicolae_shop_waterfront
Orc:2:    pf_orc_diabolical, layout_diamond_mine

Skill      XL: |  1  2  3  4  5  6  7  8  9 10 11 12 13 |
---------------+----------------------------------------+-----
Fighting       | 4 5 6 8 9 11 12 13 | 13.7
Maces & Flails | 4 5 6 7 9 11 13 15 17 18 | 18.2
Armour         | 3 4 5 7 9 10 11 12 13 | 13.0
Dodging        | 3 4 5 6 |  6.3
Stealth        | 1 2 |  2.9

Action                   |  1- 3 |  4- 6 |  7- 9 | 10-12 | 13-15 || total
-------------------------+-------+-------+-------+-------+-------++-------
Melee: Mace              |    68 |   133 |   148 |       |       ||   349
       Headbutt          |    11 |    21 |    51 |   117 |    34 ||   234
       Great mace        |       |       |    59 |   463 |       ||   522
       Morningstar       |       |       |       |     5 |   163 ||   168
Invok: Berserk           |       |     1 |     2 |     3 |     2 ||     8
       Trog's Hand       |       |     1 |     2 |     4 |     2 ||     9
       Brothers in Arms  |       |       |       |     3 |       ||     3
  Use: Potion            |     1 |       |     1 |     3 |       ||     5
       Scroll            |       |     7 |    10 |     9 |     3 ||    29
Armor: Animal skin       |     4 |       |       |       |       ||     4
       Ring mail         |    12 |    30 |       |       |       ||    42
       Scale mail        |       |    40 |    86 |     9 |       ||   135
       Plate armour      |       |       |       |   405 |    77 ||   482
Dodge: Dodged            |    42 |    77 |   142 |   261 |    55 ||   577
